 Dungeon Crawl Stone Soup version 0.27.1-33-g824d729ab1 (webtiles) character file.

Game seed: 960647150300676593

1 SensoryNuts the Skirmisher (level 1, 0/19 HPs)
             Began as a Draconian Fighter on Dec 11, 2021.
             Constricted to death by a ball python (1 damage)
             ... on level 1 of the Dungeon.
             The game lasted 00:00:05 (11 turns).

SensoryNuts the Skirmisher (Draconian Fighter)        Turns: 11, Time: 00:00:05

Health: 0/19       AC:  4    Str: 18    XL:     1   Next: 16%
Magic:  1/1        EV:  7    Int:  8    God:
Gold:   0          SH:  8    Dex: 10    Spells: 0/0 levels left

rFire    . . .     SeeInvis .   a - +0 long sword
rCold    . . .     Faith    .   b - +0 kite shield
rNeg     . . .     Spirit   .   (armour unavailable)
rPois    .         Reflect  .   (helmet restricted)
rElec    .         Harm     .   (no cloak)
rCorr    .         Rampage  .   (no gloves)
Will     .....                  (no boots)
Stlth    +.........             (no amulet)
HPRegen  0.06/turn              (no ring)
MPRegen  0.07/turn              (no ring)

@: constricted
A: AC +4, unfitting armour, cold-blooded
a: no special abilities


You were on level 1 of the Dungeon.
You visited 1 branch of the dungeon, and saw 1 of its levels.

Inventory:

Hand Weapons
 a - a +0 long sword (weapon)
Armour
 b - a +0 kite shield (worn)
Potions
 c - a potion of might


   Skills:
 + Level 3.3 Fighting
 + Level 2.0 Long Blades
 + Level 2.7 Dodging
 + Level 3.0 Shields


You couldn't memorise any spells.
You didn't know any spells.
Your spell library was empty.

Dungeon Overview and Level Annotations

Branches:
Dungeon (1/15)

Altars:


Innate Abilities, Weirdness & Mutations

Your plain brown scales are hard. (AC +4)
You cannot fit into any form of body armour.
You are cold-blooded and may be slowed by cold attacks.


Message History

Press ? for a list of commands and other information.
Found a staircase leading out of the dungeon.
Found 26 stones.
A hobgoblin comes into view.
A hobgoblin is nearby!
A hobgoblin is nearby!
A hobgoblin is nearby!
A hobgoblin is nearby!
A ball python and a hobgoblin come into view.
The hobgoblin shouts!
The hobgoblin moves out of view.
A goblin comes into view. It is wielding a +0 club.
The goblin shouts!
The ball python hisses angrily.
You barely miss the hobgoblin. The hobgoblin closely misses you.
The hobgoblin hits you.
You barely miss the hobgoblin. The hobgoblin closely misses you.
You riposte.
You barely miss the hobgoblin.
Your tail-slap misses the hobgoblin.
The hobgoblin barely misses you. x2
You barely miss the hobgoblin.
Your tail-slap misses the hobgoblin.
You block the ball python's attack. The ball python grabs you.
The ball python constricts you. The hobgoblin completely misses you.
You riposte.
You slash the hobgoblin!
You kill the hobgoblin!
The ball python bites you. The ball python constricts you.
You hit the ball python.
The ball python is moderately wounded.
The ball python bites you. The ball python constricts you.
The hobgoblin hits you but does no damage.
The ball python bites you. The ball python constricts you.
The goblin hits you with a +0 club.
The hobgoblin hits you but does no damage.
You hit the goblin.
You kill the goblin!
You block the ball python's attack. The ball python constricts you.
The hobgoblin hits you.
* * * LOW HITPOINT WARNING * * *
The ball python bites you.
* * * LOW HITPOINT WARNING * * *
The ball python constricts you.
You die...

.. ## .. ..# #
.# ### #..##
.. .##.##.....
#.## ........
..... .....
#.##..##).# ..
........@g# #
..#
.....#.S.#.###
... #..
#........
..###.
##...(.#.#
#.##.##.###..#
#.#.#.## ....#
#.#.## ....#
#<#..........
#.#.###.......


You could see a hobgoblin and a ball python.

Vanquished Creatures
  A goblin (D:1)
  A hobgoblin (D:1)
2 creatures vanquished.

Notes
Turn   | Place    | Note
-------+----------+-------------------------------------------
     0 | D:1      | SensoryNuts the Draconian Fighter began the quest for the
                  | Orb.
     0 | D:1      | Reached XP level 1. HP: 19/19 MP: 1/1
    11 | D:1      | Constricted to death by a ball python

Illustrated notes

Levels and vault maps discovered:
D:1:      roderic_crossed_star, layout_loops_ring, minmay_heptomino_d4

Action                   || total
-------------------------++-------
Melee: Long sword        ||     5
Armor: Skin              ||     2
Dodge: Dodged            ||     5
Block: Kite shield       ||     2
       Rpst.: Long sword ||     2
